 Dungeon Crawl Stone Soup version 0.19.3-4-gbf9329e (webtiles) character file.

344 Gargoyl the Skirmisher (level 6, -1/52 HPs)
             Began as a Ghoul Abyssal Knight on Jan 29, 2017.
             Was a Believer of Lugonu.
             Killed by divine providence
             ... invoked by an orc priest
              (7 damage)
             ... on level 4 of the Dungeon.
             The game lasted 00:07:06 (2932 turns).

Gargoyl the Skirmisher (Ghoul Abyssal Knight)       Turns: 2932, Time: 00:07:07

Health: -1/52      AC: 12    Str: 16      XL:     6   Next: 58%
Magic:  7/7        EV:  7    Int:  6 (7)  God:    Lugonu [**....]
Gold:   115        SH:  0    Dex:  8 (10) Spells: 0 memorised, 5 levels left

rFire  . . .     SeeInvis .     k - +0 war axe
rCold  + . .     Gourm    .     d - +0 chain mail
rNeg   + + +     Faith    .     (no shield)
rPois  ∞         Spirit   .     g - +1 helmet
rElec  .         Reflect  .     (no cloak)
rCorr  .         Harm     .     b - +0 pair of gloves
MR     .....                    (no boots)
Stlth  ..........               (no amulet)
                                (no ring)
                                (no ring)

@: rotting
A: rotting body, claws 1, carnivore 3, cold resistance 1, negative energy
resistance 3, slow regeneration 1, torment resistance, unbreathing
a: Depart the Abyss, Bend Space, Renounce Religion


You were on level 4 of the Dungeon.
You worshipped Lugonu.
Lugonu was pleased with you.
You were not hungry.

You visited 1 branch of the dungeon, and saw 4 of its levels.
You visited the Abyss 1 time.

You collected 115 gold pieces.

Inventory:

Hand Weapons
 a - a +1 hand axe
 k - a +0 war axe (weapon)
Missiles
 i - 5 tomahawks (quivered)
Armour
 b - a +0 pair of gloves (worn)
 d - a +0 chain mail (worn)
 g - a +1 helmet (worn)
Wands
 m - a wand of enslavement (8/24)
Scrolls
 e - 3 scrolls of remove curse
 j - 2 scrolls of identify
 n - a scroll of fear
Potions
 h - a potion of brilliance
 l - a potion of flight {unknown}
Comestibles
 c - 2 meat rations
 f - 3 chunks of flesh


   Skills:
 + Level 4.1 Fighting
 + Level 3.6 Axes
 * Level 3.8 Armour
 + Level 1.1 Dodging
 * Level 3.5 Invocations


You had 5 spell levels left.
You didn't know any spells.

Dungeon Overview and Level Annotations

Branches:
Dungeon (4/15)
 Temple: D:4-7

Altars:
Ashenzari
Elyvilon
Makhleb
Uskayaw
Yredelemnul

Annotations:
D:4 cba's ghost, novice OpAs


Innate Abilities, Weirdness & Mutations

Your body is rotting away.
You thrive on raw meat.
You are immune to poison.
You have sharp fingernails.
You are carnivorous and can eat meat at any time.
Your flesh is cold resistant. (rC+)
You are immune to negative energy. (rN+++)
You regenerate slowly when monsters are visible.
You are immune to unholy pain and torment.
You can survive without breathing.


Message History

Your chain mail prevents you from hitting the orc priest.
The orc priest is almost dead.
The orc priest hits you but does no damage.
Eat one of 4 chunks of flesh? (ye/n/q)
You start eating one of the 4 chunks of flesh.
The orc priest mumbles some strange prayers to Beogh against you.
Beogh smites you!
* * * LOW HITPOINT WARNING * * *
This raw flesh tastes great!
You barely miss the orc priest.
The orc priest is almost dead.
The orc priest hits you but does no damage.
You barely miss the orc priest.
The orc priest is almost dead.
The orc priest looks braver for a moment.
Eat one of 3 chunks of flesh? (ye/n/q)
You start eating one of the 3 chunks of flesh.
The orc priest calls down the wrath of Beogh upon you.
Beogh smites you!
You die...

##################
#................#
#.##############.#
######### #.#
#...))...#
#.......# #@#
#.#####).#
#.......# #o# #.
#..# #.......# #h#
#. ###..#
#####..(....# #o#
#. #.....
............#


hhh .. ##.#... #######.##### ... .......... ..........# #.# ........#.
#######.### #.. ......#.#. .. #.# ###.###.#. You could see an orc priest, an orc
and 4 jackals.

Vanquished Creatures
  2 orc priests
  A bullfrog skeleton (D:4)
  Jessica (D:2)
  An iguana (D:4)
  An orc wizard (D:3)
  A worker ant (D:4)
  5 adders
  A shadow imp (D:3)
  An ooze (D:3)
  A worm (D:3)
  2 dart slugs
  5 leopard geckos
  9 orcs
  2 ball pythons
  11 bats
  4 giant cockroaches
  4 goblins
  6 hobgoblins
  4 jackals (D:2)
  A quokka (D:3)
  7 frilled lizards
  8 kobolds
  10 rats
88 creatures vanquished.

Vanquished Creatures (others)
  A plant (Abyss:2)
  2 starspawn tentacles (Abyss:3)
3 creatures vanquished.

Grand Total: 91 creatures vanquished

Notes
Turn   | Place    | Note
-------+----------+-------------------------------------------
     0 | Abyss:1  | Gargoyl the Ghoul Abyssal Knight began the quest for the Orb.
     0 | Abyss:1  | Reached XP level 1. HP: 19/19 MP: 1/1
    60 | Abyss:1  | Noticed a chaos spawn
    70 | Abyss:1  | Noticed an ancient zyme
    71 | Abyss:1  | Noticed a starcursed mass
    75 | Abyss:1  | Noticed a small abomination
   105 | Abyss:2  | Noticed a vampire mage
   124 | Abyss:2  | Noticed a large abomination
   153 | Abyss:3  | Noticed a tentacled starspawn
   166 | Abyss:3  | Noticed a freezing wraith
   174 | D:1      | Escaped the Abyss
   228 | D:1      | Reached XP level 2. HP: 23/26 MP: 2/2
   531 | D:1      | Reached * piety under Lugonu
   652 | D:1      | Reached XP level 3. HP: 24/31 MP: 3/3
  1270 | D:2      | Reached skill level 1 in Dodging
  1473 | D:2      | Found a white marble altar of Elyvilon.
  1552 | D:2      | Found a basalt altar of Yredelemnul.
  1627 | D:2      | Noticed Jessica
  1634 | D:2      | Reached XP level 4. HP: 34/40 MP: 4/4
  1636 | D:2      | Killed Jessica
  1650 | D:2      | Reached ** piety under Lugonu
  1688 | D:2      | Found a hide-covered altar of Uskayaw.
  1799 | D:2      | Reached XP level 5. HP: 45/46 MP: 6/6
  2155 | D:3      | Found a shattered altar of Ashenzari.
  2338 | D:3      | Found a burning altar of Makhleb.
  2340 | D:3      | Noticed a balrug
  2344 | D:3      | Noticed a hellwing
  2344 | D:3      | Noticed a hellwing
  2497 | D:4      | Reached skill level 4 in Fighting
  2497 | D:4      | Reached XP level 6. HP: 35/52 MP: 7/7
  2569 | D:4      | Noticed cba's ghost (novice OpAs)
  2929 | D:4      | HP: 1/52 [orc priest/divine providence (14)]
  2932 | D:4      | Killed from afar by an orc priest

Skill      XL: |  1  2  3  4  5 |
---------------+----------------+-----
Armour         | 2 3 |  3.8
Axes           | 2 3 |  3.6
Dodging        | 1 |  1.1
Invocations    | 3 |  3.5
Fighting       | 4 |  4.1

Action                   |  1- 3 |  4- 6 || total
-------------------------+-------+-------++-------
Melee: Hand axe          |   178 |   126 ||   304
       War axe           |       |    96 ||    96
Invok: Depart the Abyss  |     1 |       ||     1
  Use: Scroll            |     8 |     2 ||    10
       Potion            |       |     5 ||     5
  Eat: Chunk             |    15 |    17 ||    32
Armor: Chain mail        |   194 |   214 ||   408
Dodge: Dodged            |    87 |   105 ||   192
